 Dungeon Crawl Stone Soup version 0.30-a0-728-gc68057be0a (webtiles) character file.

Game seed: 13657406628217829720

43 lilitu the Trooper (level 3, -6/33 HPs)
             Began as a Minotaur Fighter on Jan 31, 2023.
             Mangled by an iguana (8 damage)
             ... on level 3 of the Dungeon.
             The game lasted 00:01:47 (781 turns).

lilitu the Trooper (Minotaur Fighter)                Turns: 781, Time: 00:01:48

Health: -6/33      AC:  9    Str: 22    XL:     3   Next: 37%
Magic:  2/2        EV:  7    Int:  5    God:
Gold:   64         SH:  4    Dex:  9    Spells: 2/2 levels left

rFire   . . .      SeeInvis .    a - +0 flail
rCold   . . .      Faith    .    c - +0 buckler
rNeg    . . .      Spirit   .    m - +0 chain mail
rPois   .          Reflect  .    (helmet restricted)
rElec   .          Harm     .    (no cloak)
rCorr   .          Rampage  .    (no gloves)
Will    .....                    (no boots) Stlth
                                 l - amulet of the acrobat
HPRegen 0.25/turn                (no ring)
MPRegen 0.08/turn                (no ring)

@: no status effects
A: horns 2, retaliatory headbutt
a: no special abilities


You were on level 3 of the Dungeon.
You visited 1 branch of the dungeon, and saw 3 of its levels.

You collected 64 gold pieces.

Inventory:

Hand Weapons
 a - a +0 flail (weapon)
Missiles
 g - 4 poisoned darts (quivered)
Armour
 c - a +0 buckler (worn)
 m - a +0 chain mail (worn)
Jewellery
 l - an amulet of the acrobat (around neck)
Scrolls
 e - a scroll of enchant armour {unknown}
 f - a scroll of immolation {unknown}
 j - a scroll of summoning {unknown}
 k - 2 scrolls of identify {unknown}
Potions
 d - a potion of might
 h - a potion of attraction {unknown}
 i - a potion of haste {unknown}


   Skills:
 + Level 4.0 Fighting
 + Level 3.0 Maces & Flails
 + Level 1.1 Throwing
 + Level 4.0 Armour
 + Level 4.0 Shields


You had 2 spell levels left.
You didn't know any spells.
Your spell library was empty.

Dungeon Overview and Level Annotations

Branches:
Dungeon (3/15)

Altars:

Shops:
D:2 :


Innate Abilities, Weirdness & Mutations

You have a pair of horns on your head.
You reflexively headbutt those who attack you in melee.


Message History

You barely miss the ball python. Your headbutt misses the ball python.
The adder bites you but does no damage. You block the ball python's attack.
The ball python constricts you. The adder bites you but does no damage.
You hit the ball python.
You kill the ball python!
The adder barely misses you. x2; You furiously retaliate!
You headbutt the adder.
Your Maces & Flails skill increases to level 3!
Found a dagger.
The adder misses you. You block the adder's attack.
An iguana comes into view.
Found 10 gold pieces and a scroll labelled EGYNAE TUASUR.
The iguana hisses angrily.
You hear an angry hiss.
The adder closely misses you. You furiously retaliate!
You headbutt the adder. You block the adder's attack.
The adder barely misses you.
A water moccasin comes into view.
You sock the adder!
You kill the adder!
You see here an adder corpse.
You barely miss the iguana. You headbutt the iguana.
The iguana is moderately wounded.
The water moccasin barely misses you. You furiously retaliate!
You headbutt the water moccasin! The iguana bites you.
The water moccasin bites you but does no damage.
The iguana bites you.
You barely miss the iguana.
The iguana is moderately wounded.
You block the water moccasin's attack. The iguana bites you!
* * * LOW HITPOINT WARNING * * *
The water moccasin bites you but does no damage.
You sock the iguana!
The iguana is severely wounded.
The water moccasin barely misses you. You block the iguana's attack.
The water moccasin bites you.
* * * LOW HITPOINT WARNING * * *
You hit the iguana.
The iguana is almost dead.
The iguana bites you!
You die...

#..## #..##
####...##+##.........
#....................
###.#..............?
#.....#.#|.......).
#..##.)........#.####.
#..##.##...#....:.....
#..#....[....>....##
#.......†..@....#
............Sl....$#
.....................
...#............?....
<../..........<....#.
..$.>................
....................
#................##
#.#.............


You could see a water moccasin and an iguana.

Vanquished Creatures
  An adder (D:3)
  A worm (D:2)
  2 endoplasms
  A giant cockroach (D:2)
  A goblin (D:2)
  2 hobgoblins (D:2)
  11 jackals (D:2)
  A kobold (D:2)
  A quokka (D:2)
  A ball python (D:3)
  2 bats (D:2)
  A frilled lizard (D:2)
  A rat (D:2)
26 creatures vanquished.

Notes
Turn   | Place    | Note
-------+----------+-------------------------------------------
     0 | D:1      | lilitu the Minotaur Fighter began the quest for the Orb.
     0 | D:1      | Reached XP level 1. HP: 19/19 MP: 0/0
    82 | D:1      | You fall into a shaft and drop 1 floor!
   216 | D:2      | Reached XP level 2. HP: 24/27 MP: 1/1
   338 | D:2      | Found Buroesm's Book Shoppe.
   388 | D:2      | Reached skill level 1 in Throwing
   388 | D:2      | Reached XP level 3. HP: 26/33 MP: 2/2
   772 | D:3      | Noticed a water moccasin
   780 | D:3      | HP: 1/33 [water moccasin (5)]
   781 | D:3      | Mangled by an iguana

Illustrated notes

Levels and vault maps discovered:
D:1:      dpeg_arrival_oval, layout_loops_ring, st_stairs_6,
          hangedman_decor_growths
D:2:      layout_basic, serial_shops, shop
D:3:      minmay_chambers_of_threes, layout_rooms,
          gammafunk_temple_overflow_statue, serial_shops,
          nicolae_shop_hallway_stairs, nicolae_underground_beach

Skill      XL: |  1  2  3 |
---------------+----------+-----
Fighting       | 4 |  4.0
Throwing       | 1 |  1.1
Shields        | 4 |  4.0
Armour         | 4 |  4.0
Maces & Flails | 3 |  3.0

Action                     || total
---------------------------++-------
  Melee: Flail             ||    62
         Headbutt          ||     5
 Armour: Scale mail        ||    13
         Chain mail        ||    28
  Dodge: Dodged            ||    57
  Block: Buckler           ||    22

Table legend: (Time is in decaauts)
 A = Elapsed time spent in this place.
 B = Non-inter-level travel time spent in this place.
 C = Inter-level travel time spent in this place.
 D = Time resting spent in this place.
 E = Time spent auto-exploring this place.
 F = Levels seen in this place.
 G = Mean time per level.
                   A        B        C        D        E       F      G
               +--------+--------+--------+--------+--------+-----+--------+
         Total |    798 |    783 |     15 |      0 |    552 |   3 |  266.0 |
       Dungeon |    798 |    783 |     15 |      0 |    552 |   3 |  266.0 |
               +--------+--------+--------+--------+--------+-----+--------+

Top non-repeatable levels by time:
     D:2: 685 daAuts
     D:1: 82 daAuts
     D:3: 31 daAuts
